 Dungeon Crawl Stone Soup version 0.31-a0-221-gbddc013574 (webtiles) character file.

Game seed: 16180426681291824251

88 qw the Chopper (level 4, -1/28 HPs)
             Began as a Gargoyle Fighter on July 3, 2023.
             Slain by a gnoll
             ... wielding a +0 spear
              (7 damage)
             ... on level 3 of the Dungeon.
             The game lasted 00:00:51 (1677 turns).

qw the Chopper (Gargoyle Fighter)                   Turns: 1677, Time: 00:00:51

Health: -1/28      AC: 12    Str: 21    XL:     4   Next: 54%
Magic:  4/4        EV:  7    Int:  9    God:
Gold:   111        SH:  4    Dex:  9    Spells: 3/3 levels left

rFire   . . .        Y - +0 war axe
rCold   . . .        c - +0 buckler
rNeg    + . .        p - +0 chain mail
rPois   inf          (no helmet)
rElec   +            (no cloak)
rCorr   .            (no gloves)
SInv    .            (no boots)
Will    .....        (no amulet) Stlth
                     (no ring)
HPRegen 0.24/turn    (no ring)
MPRegen 0.09/turn

%: no passive effects
@: no status effects
A: sickness immunity, AC +3, negative energy resistance 1, electricity
resistance, torment resistance 1, petrification resistance
a: no special abilities


You were on level 3 of the Dungeon.
You visited 1 branch of the dungeon, and saw 3 of its levels.

You collected 111 gold pieces.


Innate Abilities, Weirdness & Mutations

You are immune to sickness and miasma.
Your stone body is resilient. (AC +3)
You are immune to poison.
You resist negative energy. (rN+)
You are resistant to electric shocks. (rElec)
You are resistant to unholy torment.
You are immune to petrification.


   Skills:
 - Level 3.2 Fighting
 + Level 4.2 Axes
 - Level 3.2 Armour
 - Level 3.2 Shields


You had 3 spell levels left.
You didn't know any spells.
Your spell library was empty.

Inventory:

Hand Weapons
 n - a +6 club
 Y - a +0 war axe (weapon)
Armour
 c - a +0 buckler (worn)
 o - a +1 robe of resistance
 p - a +0 chain mail (worn)
Jewellery
 j - a ring of fire
Scrolls
 a - 2 scrolls of teleportation
Potions
 d - a potion of might
 f - a potion of curing {unknown}
 h - a potion of resistance {unknown}
 i - a potion of cancellation {unknown}
 k - a potion of lignification
 l - 2 potions of heal wounds
 m - a potion of enlightenment {unknown}

Dungeon Overview and Level Annotations

Branches:
Dungeon (3/15)

Altars:


Message History

There is an open door here.
There is a stone staircase leading down here.
You climb downwards.
Found a book of Dreams.
Found a stone staircase leading down.
There is a stone staircase leading up here.
Waypoint 2 assigned to D:3.
There is a stone staircase leading up here.
A gnoll comes into view. It is wielding a +0 halberd.
The gnoll shouts!
A gnoll comes into view. It is wielding a +0 spear.
A gnoll comes into view. It is wielding a +0 halberd.
The gnoll shouts! x2
The gnoll completely misses you.
You barely miss the gnoll. The gnoll hits you with a +0 halberd.
You barely miss the gnoll. The gnoll barely misses you.
The gnoll hits you but does no damage.
You barely miss the gnoll. You block the gnoll's attack.
The gnoll hits you from afar with a +0 spear.
You hit the gnoll.
The gnoll is moderately wounded.
The gnoll closely misses you. The gnoll hits you but does no damage.
The gnoll hits you from afar with a +0 spear.
The gnoll hits you but does no damage.
You hit the gnoll.
The gnoll is heavily wounded.
The gnoll hits you but does no damage.
The gnoll hits you from afar with a +0 spear!
You slash the gnoll!
You kill the gnoll!
The gnoll hits you but does no damage.
The gnoll hits you from afar with a +0 halberd!
You block the gnoll's attack.
Things that are here:
a +0 halberd; a gnoll corpse You barely miss the gnoll.
The gnoll hits you from afar with a +0 halberd.
The gnoll hits you but does no damage. The gnoll hits you with a +0 spear!
You die...

#.# #.# #.# #.#
#.# #.# #.#
###############.#
.....gg@........#
#################


You could see 2 gnolls.

Vanquished Creatures
  Jessica (D:2)
  A gnoll (D:3)
  A worm (D:2)
  A dart slug (D:1)
  3 ball pythons
  5 endoplasms (D:1)
  2 giant cockroaches (D:1)
  4 goblins
  3 hobgoblins
  2 jackals (D:2)
  8 kobolds
  A quokka (D:1)
  5 bats
  5 frilled lizards
  9 rats
51 creatures vanquished.

Notes
Turn   | Place    | Note
-------+----------+-------------------------------------------
     0 | D:1      | qw the Gargoyle Fighter began the quest for the Orb.
     0 | D:1      | Reached XP level 1. HP: 14/14 MP: 1/1
     0 | D:1      | 0 ||| qw: Version: 0.3-a-40-ge99b1a8
     0 | D:1      | 0 ||| qw: Game counter: 595
     0 | D:1      | 0 ||| qw: Melee chars always use a shield: true
     0 | D:1      | 0 ||| qw: God list: Okawaru
     0 | D:1      | 0 ||| qw: Allow faded altars: false
     0 | D:1      | 0 ||| qw: Do Orc after clearing Dungeon:15 true
     0 | D:1      | 0 ||| qw: Do second Lair branch before Depths: true
     0 | D:1      | 0 ||| qw: Lair rune preference: random
     0 | D:1      | 0 ||| qw: Goals: Normal, Zot:1-4, Slime:5, God:TSO, Crypt,
                  | Tomb, Abyss, Pan, Hells, Win
     0 | D:1      | 0 ||| PLANNING D:1-11
   103 | D:1      | Reached skill level 2 in Axes
   152 | D:1      | Reached XP level 2. HP: 19/19 MP: 2/2
   373 | D:1      | 373 ||| Stepping ~*~*~tactically~*~*~ (hiding).
   382 | D:1      | Reached skill level 3 in Axes
   490 | D:1      | Reached XP level 3. HP: 23/23 MP: 3/3
   908 | D:1      | 908 ||| READING scroll labelled YHOCA OSEO.
   909 | D:1      | 909 ||| READING scroll labelled CIYKLU VALUOPH.
   910 | D:1      | 910 ||| READING scroll labelled XAFARUZUIKU.
  1011 | D:1      | 1011 ||| DRINKING 2 sedimented puce potions.
  1198 | D:2      | 1198 ||| Stepping ~*~*~tactically~*~*~ (stealth).
  1205 | D:2      | 1205 ||| Stepping ~*~*~tactically~*~*~ (hiding).
  1226 | D:2      | 1226 ||| DROPPING +0 club.
  1403 | D:2      | Noticed Jessica
  1404 | D:2      | 1404 ||| Stepping ~*~*~tactically~*~*~ (hiding).
  1412 | D:2      | Killed Jessica
  1413 | D:2      | Reached skill level 4 in Axes
  1413 | D:2      | Reached XP level 4. HP: 14/28 MP: 4/4
  1419 | D:2      | 1419 ||| Stepping ~*~*~tactically~*~*~ (stealth).
  1426 | D:2      | 1426 ||| Stepping ~*~*~tactically~*~*~ (stealth).
  1429 | D:2      | 1429 ||| Stepping ~*~*~tactically~*~*~ (stealth).
  1445 | D:2      | 1445 ||| Stepping ~*~*~tactically~*~*~ (stealth).
  1447 | D:2      | 1447 ||| Stepping ~*~*~tactically~*~*~ (stealth).
  1448 | D:2      | 1448 ||| Stepping ~*~*~tactically~*~*~ (stealth).
  1449 | D:2      | 1449 ||| FLEEEEING.
  1450 | D:2      | 1450 ||| FLEEEEING.
  1452 | D:2      | 1452 ||| FLEEEEING.
  1457 | D:2      | 1457 ||| FLEEEEING.
  1461 | D:2      | 1461 ||| Stepping ~*~*~tactically~*~*~ (stealth).
  1488 | D:2      | 1488 ||| DROPPING +0 whip.
  1520 | D:2      | 1520 ||| Stepping ~*~*~tactically~*~*~ (stealth).
  1591 | D:2      | 1591 ||| UPGRADING to +0 chain mail.
  1601 | D:2      | 1601 ||| DROPPING +0 scale mail.
  1602 | D:2      | 1602 ||| READING 3 scrolls labelled POROCK OLIMO.
  1607 | D:2      | 1607 ||| READING scroll labelled ZUN MUECUAFU.
  1608 | D:2      | 1608 ||| READING scroll labelled JOITIR HUROPEPSO.
  1609 | D:2      | 1609 ||| DRINKING 3 fuming red potions.
  1677 | D:3      | HP: 6/28 [gnoll/+0 halberd (2)]
  1677 | D:3      | Slain by a gnoll

Levels and vault maps discovered:
D:1:      nzn_arrival_water_spiral, layout_basic, chequers_decorated_corner,
          hangedman_decor_slide_cut
D:2:      layout_basic, lexackson_kobold_supper, uniq_jessica
D:3:      layout_basic, nicolae_hepliaklqana_monster_ancestors

Skill      XL: |  1  2  3 |
---------------+----------+-----
Axes           | 2 3 4 |  4.2
Fighting       | |  3.2
Armour         | |  3.2
Shields        | |  3.2

Action                     |  1- 3 |  4- 6 || total
---------------------------+-------+-------++-------
  Melee: War axe           |    97 |    20 ||   117
    Use: Scroll            |     3 |     3 ||     6
         Potion            |     1 |     1 ||     2
 Armour: Scale mail        |    44 |     3 ||    47
         Chain mail        |       |     6 ||     6
  Dodge: Dodged            |    41 |     7 ||    48
  Block: Buckler           |    13 |     6 ||    19

Table legend:
 A = Non-vault XP
 B = Vault XP
 C = Vault XP percentage of total XP
 D = Non-vault monster count
 E = Vault monster count
 F = Vault count percentage of total count
                 A         B        C        D         E       F
            +---------+---------+-------+---------+---------+-------
      Total |      81 |      46 |  36.2 |      42 |       9 |  17.6
            +---------+---------+-------+---------+---------+-------
        D:1 |      42 |       0 |   0.0 |      25 |       0 |   0.0
        D:2 |      26 |      46 |  63.9 |      16 |       9 |  36.0
        D:3 |      13 |       0 |   0.0 |       1 |       0 |   0.0
            +---------+---------+-------+---------+---------+-------
